 Dungeon Crawl Stone Soup version 0.20-a0-1018-ge435b50 (webtiles) character file.

7 4thArraOfDagon the Firebug (level 2, -1/19 HPs)
             Began as a Barachi Fire Elementalist on Apr 17, 2017.
             Slain by a water moccasin zombie (4 damage)
             ... on level 5 of the Dungeon.
             The game lasted 00:01:44 (324 turns).

4thArraOfDagon the Firebug (BaFE)                    Turns: 324, Time: 00:01:45

Health: -1/19      AC: 19    Str:  9    XL:     2   Next: 4%
Magic:  5/5        EV:  0    Int: 15    God:
Gold:   37         SH:  0    Dex: 12    Spells: 4/5 levels left

rFire    . . .     SeeInvis +   d - +0 whip
rCold    + . .     Gourm    .   (no shield)
rNeg     . . .     Faith    .   f - +9 plate armour of the Trombone {rC+ SInv}
rPois    .         Spirit   .   (no helmet)
rElec    .         Reflect  .   (no cloak)
rCorr    .         Harm     .   (no gloves)
MR       .....                  (no boots)
Stlth    ..........             (no amulet)
Regen    0.1/turn               (no ring)
MPRegen  0.1/turn               (no ring)

@: slow
A: +LOS, swims, slowness 1, strong legs 1
a: Hop


You were on level 5 of the Dungeon.
You were not hungry.

You visited 1 branch of the dungeon, and saw 5 of its levels.

You collected 37 gold pieces.

Inventory:

Hand Weapons
 d - a +0 whip (weapon)
Armour
 a - a +0 robe
 f - the +9 plate armour of the Trombone (worn) {rC+ SInv}
   (You found it on level 5 of the Dungeon)

   It protects you from cold.
   It lets you see invisible.
Scrolls
 e - a scroll of remove curse {unknown}
 g - a scroll of teleportation
Books
 b - a book of Flames

   Spells                             Type                      Level
   a - Flame Tongue                   Conjuration/Fire             1
   b - Throw Flame                    Conjuration/Fire             2
   c - Conjure Flame                  Conjuration/Fire             3
   d - Inner Flame                    Hexes/Fire                   3
   e - Sticky Flame                   Conjuration/Fire             4
   f - Fireball                       Conjuration/Fire             5
Comestibles
 c - a bread ration
 h - 4 fruits


   Skills:
 + Level 0.0 Fighting
 - Level 2.1 Dodging
 - Level 1.7 Stealth
 - Level 2.2 Spellcasting
 - Level 1.8 Conjurations
 - Level 3.5 Fire Magic


You had 4 spell levels left.
You knew the following spells:

 Your Spells              Type           Power        Failure   Level  Hunger
a - Flame Tongue          Conj/Fire      #....        100%        1    #......


Dungeon Overview and Level Annotations

Branches:
Dungeon (5/15)
 Temple: D:4-7

Altars:
Dithmenos


Innate Abilities, Weirdness & Mutations

Shadows flee at your approach. (+LOS)
You can swim through water.
You cover ground slowly.
You can hop short distances.


Message History

The water moccasin zombie bites you but does no damage.
Your plate armour of the Trombone prevents you from hitting the water moccasin zombie.
The water moccasin zombie is moderately damaged.
The water moccasin zombie bites you but does no damage.
You hit the water moccasin zombie.
The water moccasin zombie is heavily damaged.
The water moccasin zombie bites you but does no damage.
The water moccasin zombie bites you.
* * * LOW HITPOINT WARNING * * *
Unknown command.
You closely miss the water moccasin zombie.
The water moccasin zombie is heavily damaged.
The water moccasin zombie bites you but does no damage.
Your plate armour of the Trombone prevents you from hitting the water moccasin zombie.
The water moccasin zombie is heavily damaged.
The water moccasin zombie bites you but does no damage.
You hit the water moccasin zombie.
The water moccasin zombie is heavily damaged.
The water moccasin zombie bites you.
You die...

.... .#.## ... ... #
... #. #.# #.#
#.##.###.# #.#
#....Z...# #.# ##@##
#.##### ##...## #.#...
##.....## #.#.####
##.......## #......#
#.........####...##.##
+.........'...........
#.........####...##.##
##.......## ##......
##.....## ####.##


You could see a water moccasin zombie.

Vanquished Creatures
  An ooze (D:1)
  A bat (D:3)
  A kobold (D:3)
  2 rats (D:3)
5 creatures vanquished.

Notes
Turn   | Place    | Note
-------+----------+-------------------------------------------
     0 | D:1      | 4thArraOfDagon the Barachi Fire Elementalist began the quest for the Orb.
     0 | D:1      | Reached XP level 1. HP: 13/13 MP: 3/3
   140 | D:3      | Found a shadowy altar of Dithmenos.
   176 | D:3      | Reached XP level 2. HP: 13/19 MP: 3/5
   230 | D:5      | Entered Level 5 of the Dungeon
   232 | D:5      | Got a scorched plate armour
   243 | D:5      | Identified the +9 plate armour of the Trombone {rC+ SInv} (You found it on level 5 of the Dungeon)
   324 | D:5      | Slain by a water moccasin zombie

Vault maps used:
D:1:      moated_graveyard_arrival
D:2:      ashenzari_conservatory_becter
D:3:      old_standard_altar, xom_butterflies, first_bread
D:4:      old_forge, serial_shops, shop, kennysheep_mini_moat, uniq_eustachio
D:5:      overflow_temple_1_default, nicolae_overflow_hidden_temple

Action                   || total
-------------------------++-------
Melee: Whip              ||    30
 Cast: Flame Tongue      ||    11
 Abil: Hop               ||     1
  Use: Scroll            ||     1
       Potion            ||     1
Armor: Plate armour      ||    20
Dodge: Dodged            ||    23
